 Dungeon Crawl Stone Soup version 0.28.0-53-g5a82cb258f (webtiles) character file.

Game seed: 8727674139477070816

5929 issech the Protected (level 10, 0/79 HPs)
             Began as a Minotaur Monk on June 17, 2022.
             Was a Priest of Hepliaklqana.
             Slain by a vault guard
             ... wielding a +0 broad axe
              (14 damage)
             ... in a bailey.
             The game lasted 00:29:03 (10211 turns).

issech the Protected (Minotaur Monk)               Turns: 10211, Time: 00:29:03

Health: 0/79       AC: 21    Str: 16    XL:     10   Next: 54%
Magic:  9/9        EV:  8    Int:  7    God:    Hepliaklqana [***...]
Gold:   422        SH:  0    Dex: 17    Spells: 9/9 levels left

rFire   . . .      SeeInvis .   V - +4 scimitar (freeze)
rCold   . . .      Faith    .   (no shield)
rNeg    . . .      Spirit   .   S - +0 plate armour
rPois   .          Reflect  .   (helmet restricted)
rElec   .          Harm     .   (no cloak)
rCorr   .          Rampage  .   (no gloves)
Will    .....                   A - +0 pair of boots
Stlth   ..........              G - amulet of magic regeneration
HPRegen 0.23/turn               F - +4 ring of protection
MPRegen 0.51/turn               H - +4 ring of slaying

@: studying Armour
A: reduced essence, horns 2, retaliatory headbutt
a: Renounce Religion, Recall Ancestor, Ancestor Identity, Transference


You were in a bailey.
You worshipped Hepliaklqana.
Hepliaklqana was most pleased with you.
You visited 1 branch of the dungeon, and saw 9 of its levels.
You also visited: Bailey.

You collected 422 gold pieces.

Inventory:

Hand Weapons
 d - a +0 vorpal hand axe
 u - a +0 war axe
 E - a +1 dagger of venom
 V - a +4 scimitar of freezing (weapon)
Missiles
 b - 6 boomerangs
 c - 86 arrows
 e - 242 stones
 g - 37 bolts
 x - 10 poisoned darts
 B - 4 silver boomerangs (quivered)
 I - 5 atropa-tipped darts
 W - 21 sling bullets
 X - 3 throwing nets
Armour
 v - an orb of guile
 A - a +0 pair of boots (worn)
 S - a +0 plate armour (worn)
Jewellery
 F - a +4 ring of protection (left hand)
 G - an amulet of magic regeneration (around neck)
 H - a +4 ring of slaying (right hand)
Wands
 a - a wand of mindburst (5)
 Q - a wand of iceblast (10)
 R - a wand of flame (24)
Scrolls
 h - a scroll of holy word
 k - 4 scrolls of blinking
 p - a scroll of enchant weapon {unknown}
 D - 2 scrolls of enchant armour
 K - 3 scrolls of fear
 L - a scroll of brand weapon {unknown}
 N - 3 scrolls of immolation {unknown}
 U - a scroll of teleportation {unknown}
 Z - 2 scrolls of fog {unknown}
Potions
 f - 4 potions of haste {unknown}
 i - 3 potions of brilliance {unknown}
 l - a potion of heal wounds {unknown}
 m - 2 potions of flight {unknown}
 o - a potion of attraction {unknown}
 t - 3 potions of lignification {unknown}
 w - a potion of curing {unknown}
 C - a potion of berserk rage {unknown}
 J - 5 potions of degeneration {unknown}
 T - a potion of ambrosia {unknown}


   Skills:
 + Level 8.0 Fighting
 + Level 6.0 Long Blades
 + Level 12.3 Axes
 + Level 0.2 Throwing
 + Level 12.8 Armour
 + Level 5.0 Dodging
 + Level 2.6 Stealth


You had 9 spell levels left.
You didn't know any spells.
Your spell library contained the following spells:

 Spells                   Type           Power      Damage    Failure   Level
 Magic Dart               Conj           0%         1d3       100%        1
 Shock                    Conj/Air       0%         1d3       100%        1
 Searing Ray              Conj           0%         2d4       100%        2
 Conjure Flame            Conj/Fire      0%         6-21      100%        3
 Ignite Poison            Fire/Tmut/Pois 0%         N/A       100%        3
 Swiftness                Air            0%         N/A       100%        3
 Airstrike                Air            0%         N/A       100%        4
 Fulminant Prism          Conj/Hex       0%         3d6       100%        4
 Sticky Flame             Conj/Fire      0%         2d3       100%        4


Dungeon Overview and Level Annotations

Branches:
Dungeon (9/15)             Temple (0/1) D:7            Lair (0/6) D:8
    Orc (0/2) D:9          Bailey (1/1)

Altars:
Dithmenos
Elyvilon
Gozag
Hepliaklqana
Qazlal
Ru
Trog
Yredelemnul

Shops:
D:3 !   D:7 !


Innate Abilities, Weirdness & Mutations

Your life essence is reduced to manifest your ancestor. (-10% HP)
You have a pair of horns on your head.
You reflexively headbutt those who attack you in melee.


Message History

Dube gestures at the vault guard while chanting.
The stone arrow hits the vault guard!
The vault guard hits you with a +0 broad axe!
* * * LOW HITPOINT WARNING * * *
You swap places.
Dube hits the vault guard with a +0 quarterstaff.
The vault guard hits Dube with a +0 broad axe!
Dube completely misses the vault guard.
The vault guard hits Dube with a +0 broad axe!!
Dube is destroyed!
Items here: ) [ ††.
There is an open door here.
Things that are here:
a +0 hand axe; a +0 leather armour; an orc corpse
Things that are here:
a +0 war axe; a +0 scale mail; a human skeleton
There is an open door, spattered with blood here.
Things that are here:
a +0 scale mail; a human corpse
Okay, then.
Okay, then.
You are too injured to fight recklessly!
Unknown command.
Throw: 4 boomerangs (silver)
Press: ? - help, Q - select action, (/) - cycle Shift-Dir - straight line, f - vault guard
Aim: a vault guard, wielding a +0 broad axe and wearing a +0 chain mail (heavily wounded, 65% to hit)
You throw a silver boomerang.
The silver boomerang hits the vault guard.
The vault guard is heavily wounded.
Throw: 4 boomerangs (silver)
Press: ? - help, Q - select action, (/) - cycle Shift-Dir - straight line, f/p - vault guard
Aim: a vault guard, wielding a +0 broad axe and wearing a +0 chain mail (heavily wounded, 65% to hit)
You throw a silver boomerang.
The silver boomerang hits the vault guard but does no damage.
The vault guard is heavily wounded.
You slash the vault guard! You freeze the vault guard.
You headbutt the vault guard!
The vault guard is almost dead.
The vault guard hits you with a +0 broad axe!
You die...

##### ##...##
#@....#
#p∩.∩.#
######.....#
##....##[†.##
##......#'#+#
#....#).))#
#..####...#
#.....#...#
#..†..#...#


You could see a vault guard.

Vanquished Creatures
  Harold (D:7)
  Prince Ribbit (Bailey)
  5 yaks (D:6)
  3 humans (Bailey)
  Menkaure (D:6)
  2 water moccasins
  An orc warrior (D:6)
  6 black bears
  3 ice beasts
  A sky beast (D:7)
  2 ogres
  8 bullfrogs
  A scorpion (D:5)
  2 killer bees (D:8)
  5 wights (D:7)
  A bullfrog zombie (D:5)
  2 centaur zombies
  A jelly (D:5)
  2 hounds (D:6)
  3 orc priests
  A centaur skeleton (D:7)
  A scorpion zombie (D:5)
  5 iguanas
  5 orc wizards
  2 killer bee zombies
  A hound skeleton (D:5)
  A howler monkey zombie (D:8)
  4 gnolls (D:2)
  4 adders
  4 worms
  3 dart slugs
  18 orcs
  4 ball pythons
  7 bats
  6 endoplasms
  9 hobgoblins
  3 jackals
  3 quokkas (D:3)
  5 frilled lizards
  13 goblins
  16 kobolds
  5 rats
171 creatures vanquished.

Vanquished Creatures (collateral kills)
  A wyvern (D:7)
  2 humans (Bailey)
  A water moccasin (D:7)
  A kobold brigand (D:9)
  A killer bee (D:8)
  An orc priest (D:6)
  4 orc wizards
  A white imp (D:7)
  3 orcs
  2 goblins (D:9)
  A hobgoblin (Bailey)
  4 kobolds (D:9)
22 creatures vanquished.

Vanquished Creatures (others)
  2 battlemagi
  2 plants (D:1)
4 creatures vanquished.

Grand Total: 197 creatures vanquished

Notes
Turn   | Place    | Note
-------+----------+-------------------------------------------
     0 | D:1      | issech the Minotaur Monk began the quest for the Orb.
     0 | D:1      | Reached XP level 1. HP: 19/19 MP: 0/0
   220 | D:1      | Reached XP level 2. HP: 27/27 MP: 1/1
   942 | D:2      | Reached XP level 3. HP: 31/33 MP: 2/2
  1475 | D:2      | Found a faded altar of an unknown god.
  1724 | D:2      | Reached skill level 1 in Armour
  1724 | D:2      | Reached XP level 4. HP: 28/41 MP: 3/3
  2434 | D:3      | Reached skill level 5 in Axes
  2449 | D:3      | Found a white marble altar of Elyvilon.
  2482 | D:3      | Noticed an ice beast
  2496 | D:3      | Killed an ice beast
  2497 | D:3      | Reached XP level 5. HP: 13/47 MP: 4/4
  3117 | D:3      | Found Kaumu's Distillery.
  3740 | D:4      | Reached XP level 6. HP: 37/53 MP: 5/5
  3982 | D:4      | Found a sacrificial altar of Ru.
  4140 | D:4      | Noticed a water moccasin
  4146 | D:4      | Killed a water moccasin
  4329 | D:4      | Reached skill level 5 in Fighting
  4329 | D:4      | Reached XP level 7. HP: 48/61 MP: 6/6
  4539 | D:5      | Entered Level 5 of the Dungeon
  4610 | D:5      | Reached skill level 5 in Armour
  5523 | D:5      | Reached XP level 8. HP: 67/70 MP: 7/7
  6106 | D:6      | Found an opulent altar of Gozag.
  6132 | D:6      | Noticed Menkaure
  6137 | D:6      | Killed Menkaure
  6147 | D:6      | Identified a scroll of acquirement
  6150 | D:6      | Acquired a manual of Armour
  6774 | D:6      | Found a shadowy altar of Dithmenos.
  6878 | D:6      | Reached skill level 10 in Axes
  6878 | D:6      | Reached XP level 9. HP: 16/78 MP: 8/8
  7438 | D:6      | Found a hazy altar of Hepliaklqana.
  7445 | D:6      | Became a worshipper of Hepliaklqana the Forgotten
  7445 | D:6      | Reached * piety under Hepliaklqana
  7445 | D:6      | Reached ** piety under Hepliaklqana
  7446 | D:6      | Remembered your ancestor Dube as a battlemage
  8253 | D:7      | Reached skill level 10 in Armour
  8367 | D:7      | Noticed Harold
  8382 | D:7      | Killed Harold
  8383 | D:7      | Reached skill level 1 in Long Blades
  8439 | D:7      | Reached XP level 10. HP: 75/79 MP: 9/9
  8524 | D:7      | Found a staircase to the Ecumenical Temple.
  8579 | D:8      | Found a stormy altar of Qazlal.
  8685 | D:7      | Found a bloodstained altar of Trog.
  8984 | D:7      | Found Vedih's Distillery.
  9240 | D:8      | Reached *** piety under Hepliaklqana
  9365 | D:8      | Found a basalt altar of Yredelemnul.
  9462 | D:8      | Found a staircase to the Lair.
  9860 | D:9      | Found a flagged portal.
  9896 | Bailey   | Entered a bailey
  9931 | Bailey   | Reached skill level 5 in Long Blades
 10006 | Bailey   | Reached skill level 5 in Dodging
 10167 | Bailey   | Noticed Prince Ribbit
 10167 | Bailey   | Noticed a vault guard
 10172 | Bailey   | Killed Prince Ribbit
 10211 | Bailey   | Slain by a vault guard

Illustrated notes

Levels and vault maps discovered:
D:1:      giann_bridges, layout_rooms, minmay_pentomino_u4
D:2:      layout_loops_cross, shapermc_ecumenical_altar_mp_vishouse,
          st_stairs_2, minmay_misc_feat_roman
D:3:      minmay_skewed_foursquare, layout_loops_corners,
          mainiacjoe_overflow_alcove_4, serial_shops, nicolae_shop_statue_plus
D:4:      kennysheep_big_flooded_room, layout_cave_pools,
          mainiacjoe_overflow_24_doors
D:5:      layout_layer_cave
D:6:      layout_loops_cross, mainiacjoe_overflow_catwalk,
          mainiacjoe_overflow_chevrons, mainiacjoe_overflow_boulevard,
          serial_co_window_serial, co_window_corner_a, co_window_corner_a,
          co_window_of_opportunity_a, co_window_cross_1, co_window_paths_a,
          co_window_paths_c, co_window_cross_3, co_window_corner_b,
          co_window_of_opportunity_b, co_window_4corner_b, co_window_paths_d,
          glass_columns_b, lemuel_flamethrower_2, uniq_menkaure
D:7:      layout_loops_ring, mainiacjoe_overflow_brackets,
          minmay_temple_entry_from_below_a, serial_shops, shop, uniq_harold
D:8:      layout_basic, lemuel_zombie_altar_yredelemnul, old_standard_altar
D:9:      layout_basic, erik_orc_4, enter_bailey_5, uniq_joseph
Bailey:   bailey_axe_froggy_fort_hellmonk, bailey

Skill      XL: |  1  2  3  4  5  6  7  8  9 10 |
---------------+-------------------------------+-----
Axes           | 4 5 7 8 10 12 | 12.3
Fighting       | 4 5 6 7 8 |  8.0
Armour         | 1 2 3 4 6 9 11 12 | 12.8
Dodging        | 4 5 |  5.0
Stealth        | 2 |  2.6
Long Blades    | 1 6 |  6.0
Throwing       | |  0.2

Action                   |  1- 3 |  4- 6 |  7- 9 | 10-12 || total
-------------------------+-------+-------+-------+-------++-------
Melee: Hand axe          |   110 |    22 |       |       ||   132
       Headbutt          |    11 |    13 |    38 |    14 ||    76
       Punch             |     1 |     3 |     2 |     1 ||     7
       War axe           |       |    79 |   145 |       ||   224
       Scimitar          |       |       |    21 |    88 ||   109
Throw: Boomerang         |       |     2 |     1 |     2 ||     5
Invok: Ancestor Life: Ba |       |       |     1 |       ||     1
  Use: Scroll            |       |       |     9 |     1 ||    10
Armor: Robe              |    16 |       |       |       ||    16
       Ring mail         |    14 |       |       |       ||    14
       Chain mail        |    12 |    88 |    85 |       ||   185
       Plate armour      |       |       |    30 |    72 ||   102
Dodge: Dodged            |    63 |    52 |    68 |    32 ||   215
